 Dungeon Crawl Stone Soup version 0.28.0-53-g5a82cb258f (webtiles) character file.

Game seed: 16325574243111822420

812 Sin92 the Chopper (level 7, 0/61 HPs)
             Began as a Minotaur Fighter on June 9, 2022.
             Was a Follower of Okawaru.
             Succumbed to Crazy Yiuf's poison
             ... on level 4 of the Dungeon.
             The game lasted 00:04:12 (4184 turns).

Sin92 the Chopper (Minotaur Fighter)                Turns: 4184, Time: 00:04:12

Health: 0/61       AC: 10    Str: 28    XL:     7   Next: 61%
Magic:  5/6        EV:  9    Int:  5    God:    Okawaru [*.....]
Gold:   109        SH:  5    Dex: 10    Spells: 6/6 levels left

rFire   . . .      SeeInvis .   a - +0 war axe
rCold   . . .      Faith    .   c - +0 buckler
rNeg    . . .      Spirit   .   l - +0 chain mail
rPois   .          Reflect  .   (helmet restricted)
rElec   .          Harm     .   (no cloak)
rCorr   .          Rampage  .   (no gloves)
Will    .....                   (no boots)
Stlth   ..........              (no amulet)
HPRegen 0.20/turn               h - +6 ring of strength
MPRegen 0.10/turn               (no ring)

@: lethally poisoned (0 -> -4)
A: horns 2, retaliatory headbutt
a: Renounce Religion, Heroism


You were on level 4 of the Dungeon.
You worshipped Okawaru.
Okawaru was aware of your devotion.
You visited 1 branch of the dungeon, and saw 4 of its levels.

You collected 109 gold pieces.

Inventory:

Hand Weapons
 a - a +0 war axe (weapon)
Armour
 b - a +0 scale mail
 c - a +0 buckler (worn)
 l - a +0 chain mail (worn)
Jewellery
 h - a +6 ring of strength (left hand)
Wands
 m - a wand of digging (4)
 p - a wand of mindburst (2)
 r - a wand of acid (5)
Scrolls
 f - 3 scrolls of identify
 g - 2 scrolls of blinking
 i - a scroll of teleportation {unknown}
 j - a scroll of immolation {unknown}
 o - a scroll of enchant armour {unknown}
Potions
 d - a potion of might
 e - a potion of resistance {unknown}
 k - 2 potions of lignification {unknown}
 n - a potion of magic
 q - a potion of curing


   Skills:
 + Level 5.4 Fighting
 * Level 6.4 Axes
 + Level 5.5 Armour
 + Level 3.5 Dodging
 + Level 5.5 Shields


You had 6 spell levels left.
You didn't know any spells.
Your spell library contained the following spells:

 Spells                   Type           Power      Damage    Failure   Level
 Apportation              Tloc           0%         N/A       98%         1
 Conjure Flame            Conj/Fire      0%         6-21      100%        3
 Ignite Poison            Fire/Tmut/Pois 0%         N/A       100%        3
 Sticky Flame             Conj/Fire      0%         2d3       100%        4
 Animate Skeleton         Necr           Unusable   N/A       N/A         1
 Summon Small Mammal      Summ           Unusable   N/A       N/A         1

Dungeon Overview and Level Annotations

Branches:
Dungeon (4/15)             Temple (0/1) D:4

Altars:
Okawaru
Xom
Yredelemnul

Shops:
D:2 !   D:3 :

Annotations:
D:4 Crazy Yiuf


Innate Abilities, Weirdness & Mutations

You have a pair of horns on your head.
You reflexively headbutt those who attack you in melee.


Message History

a +0 club; 3 stones You see here a +0 giant spiked club.
Key pressed, stopping explore.
No target in view!
No reachable target in view!
Could not explore, unopened runed door.
No reachable target in view!
Could not explore, unopened runed door.
No reachable target in view!
You open the door.
Crazy Yiuf sings, "Trees, trees, trees, circus!"
You hit Crazy Yiuf.
Crazy Yiuf is moderately wounded.
Crazy Yiuf hits you with a +2 quarterstaff of chaos!
Crazy Yiuf burns you.
You hit Crazy Yiuf but do no damage.
Crazy Yiuf is moderately wounded.
Crazy Yiuf hits you with a +2 quarterstaff of chaos.
You suddenly lose the ability to move!
Crazy Yiuf hits you with a +2 quarterstaff of chaos.
Crazy Yiuf burns you. Crazy Yiuf barely misses you.
Crazy Yiuf hits you with a +2 quarterstaff of chaos.
You are poisoned.
You feel very sick.
Crazy Yiuf hits you with a +2 quarterstaff of chaos.
You feel your power leaking away.
You feel sick.
Crazy Yiuf hits you with a +2 quarterstaff of chaos.
Space warps horribly around you!
* * * LOW HITPOINT WARNING * * *
* * * LOW HITPOINT WARNING * * *
You feel sick.
Crazy Yiuf says, "Lugonu!
Sif Muna hand shoe."
Crazy Yiuf hits you with a +2 quarterstaff of chaos.
* * * LOW HITPOINT WARNING * * *
You are confused.
You can move again.
You feel less confused.
You die...

.......#..#####
.......#..# ..........#
##### ........### #)..#
..#.#....## #...#
.#####..#.# ...
.......##.# #g#
#..###.)..# ♣.♣♣
##.###)..## ♣♣@♣
#......#.# ♣.♣♣
##........# ♣♣.♣
..........# ♣♣.♣♣
..........# ♣♣...♣
..........# ♣....♣
..........# ##..##
..........####....#####
.................#....#


You could see Crazy Yiuf.

Vanquished Creatures
  Eustachio (D:4)
  3 ogres (D:4)
  A bullfrog (D:4)
  3 orc wizards (D:4)
  Ijyb (D:4)
  Natasha (thrice) (D:2)
  Terence (D:2)
  8 adders
  An ufetubus (D:4)
  2 adder skeletons (D:4)
  2 worms
  10 orcs
  6 ball pythons
  10 endoplasms
  5 giant cockroaches
  6 goblins
  7 hobgoblins
  4 quokkas
  8 bats
  A frilled lizard (D:2)
  7 kobolds
  5 rats
95 creatures vanquished.

Notes
Turn   | Place    | Note
-------+----------+-------------------------------------------
     0 | D:1      | Sin92 the Minotaur Fighter began the quest for the Orb.
     0 | D:1      | Reached XP level 1. HP: 19/19 MP: 0/0
   115 | D:1      | Found a faded altar of an unknown god.
   154 | D:1      | Reached XP level 2. HP: 25/27 MP: 1/1
   355 | D:1      | Reached skill level 3 in Axes
   570 | D:2      | Reached XP level 3. HP: 29/33 MP: 2/2
   637 | D:2      | Reached skill level 1 in Dodging
   752 | D:2      | Found Pouzat's Distillery.
   885 | D:2      | Identified the +4 ring mail "Derr" {rPois Int+6 Dex+3
                  | Stlth-}
  1355 | D:2      | Noticed Terence
  1360 | D:2      | Killed Terence
  1361 | D:2      | Reached XP level 4. HP: 31/40 MP: 3/3
  1432 | D:2      | Noticed Natasha
  1437 | D:2      | Killed Natasha
  1587 | D:2      | Noticed Natasha
  1596 | D:2      | Killed Natasha
  1597 | D:2      | Reached skill level 4 in Axes
  2013 | D:2      | Noticed Natasha
  2016 | D:2      | Killed Natasha
  2017 | D:2      | Reached XP level 5. HP: 47/47 MP: 4/4
  2174 | D:3      | Found Zumy's Book Shoppe.
  2315 | D:3      | Found an iron altar of Okawaru.
  2316 | D:3      | Found a shimmering altar of Xom.
  2341 | D:3      | Became a worshipper of Warmaster Okawaru
  2851 | D:4      | Reached XP level 6. HP: 51/53 MP: 5/5
  2863 | D:4      | Reached skill level 5 in Axes
  2871 | D:4      | Identified the +4 falchion "Joenkarch" {vorpal, Int+4}
  3133 | D:4      | Found a staircase to the Ecumenical Temple.
  3168 | D:4      | Reached skill level 5 in Armour
  3172 | D:4      | Reached skill level 5 in Shields
  3409 | D:4      | Reached * piety under Okawaru
  3410 | D:4      | Reached skill level 5 in Fighting
  3410 | D:4      | Reached XP level 7. HP: 34/61 MP: 6/6
  3578 | D:4      | Reached skill level 6 in Axes
  3714 | D:4      | Noticed Ijyb
  3723 | D:4      | Killed Ijyb
  3766 | D:4      | Found a basalt altar of Yredelemnul.
  3840 | D:4      | Noticed Eustachio
  3871 | D:4      | Killed Eustachio
  4015 | D:4      | Found a runed translucent door.
  4016 | D:4      | Noticed Crazy Yiuf
  4177 | D:4      | Paralysed by Crazy Yiuf for 7 turns
  4183 | D:4      | HP: 1/61 [Crazy Yiuf/+2 quarterstaff of chaos (5)]
  4184 | D:4      | Succumbed to Crazy Yiuf's poison

Illustrated notes

Levels and vault maps discovered:
D:1:      dpeg_arrival_simpleton_a, layout_rooms,
          hellmonk_ecumenical_altar_pennies_from_heaven
D:2:      layout_basic, serial_shops, shop, uniq_terence, uniq_natasha
D:3:      layout_rooms, mainiacjoe_overflow_divided_tiny, serial_shops,
          nicolae_shop_hallway_plus
D:4:      layout_cave_pools, mainiacjoe_overflow_alcove_4, temple_pool_b,
          minmay_misc_feat_iff, kennysheep_generic_room_3,
          uniq_crazy_yiuf_cottage, uniq_eustachio, uniq_ijyb

Skill      XL: |  1  2  3  4  5  6  7 |
---------------+----------------------+-----
Axes           | 3 4 5 6 |  6.4
Armour         | 4 5 |  5.5
Dodging        | 1 2 3 |  3.5
Shields        | 4 5 |  5.5
Fighting       | 4 5 |  5.4

Action                   |  1- 3 |  4- 6 |  7- 9 || total
-------------------------+-------+-------+-------++-------
Melee: War axe           |    86 |   111 |    44 ||   241
       Headbutt          |    12 |    16 |     7 ||    35
  Use: Scroll            |       |     4 |       ||     4
       Potion            |       |     1 |       ||     1
Armor: Scale mail        |    46 |       |       ||    46
       Chain mail        |       |    53 |    16 ||    69
Dodge: Dodged            |    36 |    41 |    20 ||    97
Block: Buckler           |    14 |    23 |     5 ||    42
